[Event "Hungarian Junior Rapid-ch 2024"]
[Site "Budapest"]
[Date "2024.03.23"]
[Round "6"]
[White "Reviczki, Roland"]
[Black "Pasti, Aron"]
[Result "1-0"]
[ECO "B48"]
[WhiteElo "2238"]
[BlackElo "2373"]
[Annotator "RC"]
[PlyCount "95"]
[EventDate "2024.03.20"]
[EventType "swiss"]
[EventCountry "HUN"]
[SourceTitle "playchess.com"]
[Source "ChessBase"]
[SourceQuality "1"]
[TimeControl "600+5"]

1. e4 c5 2. Nf3 e6 3. d4 cxd4 4. Nxd4 Nc6 5. Nc3 Qc7 6. Be3 a6 7. Qf3 Ne5 8. Qg3 h5 9. Bf4 d6 10. Bg5 b5 11. f4 Nc4 12. O-O-O b4 13. Na4 Bd7 14. Qb3 Rc8 15. Bxc4 Qxc4 16. Nb6 Qxb3 17. Nxb3 Rc7 18. Rd4 Nf6 19. Bxf6 gxf6 20. Nxd7 Kxd7 21. Rhd1 h4 22. Rxb4 Rg8 23. g3 hxg3 24. hxg3 Rxg3 25. Rb6 Rg4 26. e5 d5 27. Rxa6 Rxf4 28. exf6 Bh6 29. Kb1 Bg5 30. Nd4 Bxf6 31. Nb5 Rb7 32. a4 Be5 33. c3 f5 34. Kc2 Re4 35. Rh1 Re2+ 36. Kb3 Bh2 37. Ra8 Rg2 38. Rh8 Be5 39. R8h7+ Kc6 40. Rxb7 Kxb7 41. Rh6 f4 42. Rxe6 Bg7 43. a5 Rg1 44. a6+ Kc8 45. Re8+ Kd7 46. a7 Ra1 47. a8=Q Rxa8 48. Rxa8 1-0

[Event "Hungarian Junior Rapid-ch 2024"]
[Site "Budapest"]
[Date "2024.03.23"]
[Round "6"]
[White "Szalay-Ocsak, Bank"]
[Black "Palczert, Matyas"]
[Result "0-1"]
[ECO "C55"]
[WhiteElo "2174"]
[BlackElo "2297"]
[Annotator "RC"]
[PlyCount "108"]
[EventDate "2024.03.20"]
[EventType "swiss"]
[EventCountry "HUN"]
[SourceTitle "playchess.com"]
[Source "ChessBase"]
[SourceQuality "1"]
[TimeControl "600+5"]

1. e4 e5 2. Nf3 Nc6 3. Bc4 Nf6 4. d3 d5 5. exd5 Nxd5 6. O-O Bc5 7. Bg5 f6 8. Bd2 O-O 9. Nc3 Be6 10. Qe2 Kh8 11. Nxd5 Bxd5 12. Bxd5 Qxd5 13. Be3 Rae8 14. Bxc5 Qxc5 15. c3 Qd5 16. a4 Rd8 17. Rfd1 Ne7 18. Qe4 Ng6 19. g3 Qb3 20. Qb4 Qxb4 21. cxb4 Ne7 22. b5 Nf5 23. Rac1 Rf7 24. b3 Rfd7 25. Rc4 Kg8 26. Kg2 Kf7 27. Rdc1 Rxd3 28. Rxc7+ R3d7 29. g4 Ne7 30. Ne1 Ke6 31. Kf3 g6 32. Ke2 Nd5 33. Rxd7 Nf4+ 34. Kf1 Rxd7 35. Ng2 Nxg2 36. Kxg2 e4 37. Rc2 Ke5 38. f3 e3 39. Kf1 Kf4 40. Ke2 Rd2+ 41. Rxd2 exd2 42. Kxd2 Kxf3 43. b4 Kxg4 44. a5 b6 45. a6 f5 46. Ke3 f4+ 47. Kd4 Kh3 48. Kd5 f3 49. Kc6 f2 50. Kb7 f1=Q 51. Kxa7 Qxb5 52. Kb7 Qxb4 53. a7 Qa5 54. a8=N Qxa8+ 0-1

[Event "Hungarian Junior Rapid-ch 2024"]
[Site "Budapest"]
[Date "2024.03.23"]
[Round "6"]
[White "Csernyik, Mark"]
[Black "Karacsonyi, Gellert"]
[Result "1/2-1/2"]
[ECO "B35"]
[WhiteElo "2016"]
[BlackElo "2386"]
[Annotator "RC"]
[PlyCount "100"]
[EventDate "2024.03.20"]
[EventType "swiss"]
[EventCountry "HUN"]
[SourceTitle "playchess.com"]
[Source "ChessBase"]
[SourceQuality "1"]
[TimeControl "600+5"]

1. e4 c5 2. Nf3 Nc6 3. d4 cxd4 4. Nxd4 g6 5. Nc3 Bg7 6. Be3 Nf6 7. Bc4 O-O 8. Bb3 Re8 9. O-O d6 10. f3 Na5 11. Qd2 Nxb3 12. axb3 a6 13. Nd5 Nxd5 14. exd5 e5 15. dxe6 fxe6 16. Rad1 Qc7 17. c4 b6 18. Bh6 Bxh6 19. Qxh6 e5 20. Nc2 b5 21. Ne3 Be6 22. Kh1 bxc4 23. bxc4 Rab8 24. Rd2 Rb6 25. h4 a5 26. f4 Qg7 27. Qg5 exf4 28. Rxf4 Qe5 29. Qxe5 dxe5 30. Re4 Bf5 31. Nxf5 gxf5 32. Ree2 Rh6 33. Rd5 Rxh4+ 34. Kg1 e4 35. Rxf5 e3 36. Rxa5 Rxc4 37. Ra3 Rce4 38. g3 Kg7 39. Kg2 R4e7 40. Kf3 Rf8+ 41. Kg2 Rb8 42. Raxe3 Rxe3 43. Rxe3 Rxb2+ 44. Kh3 Kg6 45. Re6+ Kg5 46. Ra6 Rb5 47. Ra7 h5 48. Ra4 Rb3 49. Ra5+ Kg6 50. Ra6+ Kg5 1/2-1/2

[Event "Hungarian Junior Rapid-ch 2024"]
[Site "Budapest"]
[Date "2024.03.23"]
[Round "7"]
[White "Karacsonyi, Gellert"]
[Black "Reviczki, Roland"]
[Result "1-0"]
[ECO "B30"]
[WhiteElo "2386"]
[BlackElo "2238"]
[Annotator "RC"]
[PlyCount "71"]
[EventDate "2024.03.20"]
[EventType "swiss"]
[EventCountry "HUN"]
[SourceTitle "playchess.com"]
[Source "ChessBase"]
[SourceQuality "1"]
[TimeControl "600+5"]

1. e4 c5 2. Nf3 Nc6 3. Nc3 e5 4. Bc4 d6 5. d3 Be7 6. Nd2 Nf6 7. Nf1 Bg4 8. f3 Be6 9. Ne3 O-O 10. O-O Rb8 11. a4 Nb4 12. Qe2 Nh5 13. Ncd5 Nxd5 14. Nxd5 Bg5 15. f4 Nxf4 16. Nxf4 Bxf4 17. Bxf4 exf4 18. Rxf4 Qg5 19. Raf1 Qe5 20. c3 d5 21. Bxd5 b5 22. axb5 Bxd5 23. Rf5 Qe8 24. Rxd5 Qxb5 25. b4 Rbc8 26. Qf2 Qa6 27. bxc5 Qa3 28. c4 a5 29. d4 Qd3 30. c6 Qxc4 31. Rc5 Qe6 32. d5 Qxe4 33. Rxa5 h6 34. Rc5 Kh8 35. c7 Qe5 36. Qf4 1-0

[Event "Hungarian Junior Rapid-ch 2024"]
[Site "Budapest"]
[Date "2024.03.23"]
[Round "7"]
[White "Pasti, Aron"]
[Black "Szikszai, Bertalan"]
[Result "1-0"]
[ECO "B98"]
[WhiteElo "2373"]
[BlackElo "2312"]
[Annotator "RC"]
[PlyCount "81"]
[EventDate "2024.03.20"]
[EventType "swiss"]
[EventCountry "HUN"]
[SourceTitle "playchess.com"]
[Source "ChessBase"]
[SourceQuality "1"]
[TimeControl "600+5"]

1. e4 c5 2. Nf3 d6 3. d4 cxd4 4. Nxd4 Nf6 5. Nc3 a6 6. Bg5 e6 7. f4 h6 8. Bh4 Be7 9. Qf3 Qc7 10. O-O-O Nbd7 11. Bg3 b5 12. e5 Bb7 13. Qe2 dxe5 14. fxe5 Nd5 15. Nxd5 Bxd5 16. Nf5 Rc8 17. Rxd5 Bg5+ 18. Kb1 O-O 19. h4 Bd8 20. Rxd7 Qxd7 21. Nd6 Rc6 22. Qg4 Be7 23. Bd3 Bxd6 24. exd6 Rc5 25. Re1 Rd8 26. Be5 Rxe5 27. Rxe5 Qxd6 28. Qe4 Qb6 29. a3 Qg1+ 30. Ka2 Qh2 31. Qh7+ Kf8 32. Qh8+ Ke7 33. Qxg7 Qxh4 34. Re4 Qh5 35. Qe5 Qh1 36. Qc5+ Ke8 37. Rg4 Rd5 38. Rg8+ Kd7 39. Qc8+ Kd6 40. Qb8+ Kc5 41. Rc8+ 1-0

[Event "Hungarian Junior Rapid-ch 2024"]
[Site "Budapest"]
[Date "2024.03.23"]
[Round "7"]
[White "Konyves, Almos"]
[Black "Tancsa, Tamas"]
[Result "1-0"]
[ECO "B38"]
[WhiteElo "2306"]
[BlackElo "2273"]
[Annotator "RC"]
[PlyCount "57"]
[EventDate "2024.03.20"]
[EventType "swiss"]
[EventCountry "HUN"]
[SourceTitle "playchess.com"]
[Source "ChessBase"]
[SourceQuality "1"]
[TimeControl "600+5"]

1. Nf3 c5 2. c4 Nc6 3. d4 cxd4 4. Nxd4 g6 5. e4 Bg7 6. Be3 Qb6 7. Nb3 Qd8 8. Nc3 Nf6 9. Be2 O-O 10. O-O d6 11. Nd4 Bd7 12. Rc1 Rc8 13. f4 a6 14. b3 e6 15. Bf3 Qe7 16. Qd2 Rfd8 17. Rfd1 Nxd4 18. Bxd4 Bc6 19. Bb6 Rd7 20. b4 d5 21. cxd5 Qxb4 22. Qf2 Bb5 23. Nxb5 Rxc1 24. Rxc1 Qxb5 25. Rc8+ Bf8 26. Qc5 Qb1+ 27. Kf2 Qxa2+ 28. Kg3 Ne8 29. Rxe8 1-0

[Event "Hungarian Junior Rapid-ch 2024"]
[Site "Budapest"]
[Date "2024.03.23"]
[Round "7"]
[White "Palczert, Matyas"]
[Black "Csernyik, Mark"]
[Result "1-0"]
[ECO "B76"]
[WhiteElo "2297"]
[BlackElo "2016"]
[Annotator "RC"]
[PlyCount "72"]
[EventDate "2024.03.20"]
[EventType "swiss"]
[EventCountry "HUN"]
[SourceTitle "playchess.com"]
[Source "ChessBase"]
[SourceQuality "1"]
[TimeControl "600+5"]

1. e4 c5 2. Nf3 d6 3. d4 cxd4 4. Nxd4 Nf6 5. Nc3 g6 6. Be3 Bg7 7. f3 O-O 8. Qd2 Nc6 9. O-O-O d5 10. Kb1 Nxd4 11. e5 Nf5 12. exf6 exf6 13. Bc5 d4 14. Bxf8 Qxf8 15. Nb5 Ne3 16. Re1 f5 17. f4 Qc5 18. c3 Nxf1 19. Re8+ Bf8 20. Qxd4 Qxb5 21. Qd8 Nd2+ 22. Kc2 Qa4+ 23. Kxd2 Qxf4+ 24. Kd1 Qh6 25. Rhe1 f4 26. R1e2 b5 27. Qd5 Rb8 28. Qe5 Ra8 29. Qc7 Bg4 30. Rxa8 Qh5 31. Rae8 Qxh2 32. Qe5 Bxe2+ 33. Qxe2 Qh1+ 34. Kc2 Qh4 35. Qxb5 Qg4 36. Qb4 Qxg2+ 1-0

[Event "Hungarian Junior Rapid-ch 2024"]
[Site "Budapest"]
[Date "2024.03.23"]
[Round "7"]
[White "Foldes, Marton Gabor"]
[Black "Juhasz, Agoston"]
[Result "0-1"]
[ECO "B11"]
[WhiteElo "2162"]
[BlackElo "2406"]
[Annotator "TA"]
[PlyCount "108"]
[EventDate "2024.03.20"]
[EventType "swiss"]
[EventCountry "HUN"]
[SourceTitle "playchess.com"]
[Source "ChessBase"]
[SourceQuality "1"]
[TimeControl "600+5"]

1. e4 c6 2. Nf3 d5 3. Nc3 Bg4 4. h3 Bxf3 5. Qxf3 Nf6 6. Be2 e6 7. O-O Nbd7 8. d4 dxe4 9. Nxe4 Nxe4 10. Qxe4 {[%emt 0:00:02] The position is equal.} Nf6 11. Qe3 Bd6 12. Bf3 Nd5 13. Qe2 O-O 14. c4 Nf4 15. Bxf4 Bxf4 16. Rad1 Bd6 17. g3 Qf6 18. Bg2 Rad8 19. Qe3 Rd7 20. Rd3 Rfd8 {[%emt 0:00:15][%cal Od6c5] White must now prevent ...Bc5!} 21. Rfd1 Bc7 22. Qf3 Qe7 (22... Rxd4 {simplifies} 23. Qxf6 Rxd3 24. Rxd3 gxf6 25. Rxd8+ Bxd8 26. b4 f5) 23. d5 exd5 24. cxd5 c5 25. Re3 Qd6 26. Rde1 {[%emt 0:00:06] [#] Re8+ is the strong threat.} Rf8 27. h4 c4 28. h5 b5 29. Qg4 Bb6 30. Re8 Rd8 31. R8e2 Rc8 32. Be4 b4 33. Bf5 Rc5 {[%emt 0:00:25] Black is weak on the light squares} 34. Re8 Rxd5 {[%emt 0:00:20][%cal Ob6f2] And now ...Bxf2+! would win.} (34... Qxd5 $2 35. h6 (35. Bxh7+ Kxh7 36. Rxf8 Qxh5 $18) 35... g6 36. Bd7 $18) 35. Rxf8+ (35. Bxh7+ $1 $11 Kh8 (35... Kxh7 36. Rxf8 Bxf2+ 37. Kxf2 $11) 36. Rxf8+ Qxf8 37. Bc2 (37. Qxc4 $2 Qd6 $19)) 35... Kxf8 $15 36. Qe2 $2 {[%emt 0:00:07][%mdl 8192] Now White is beyond hope.} Qxg3+ (36... Rxf5 37. Qe8#) (36... g6 $142 37. h6 Qxg3+ (37... gxf5 38. Qe8#) 38. Kf1 Qxf2+ (38... Rxf5 39. Qe8#) 39. Qxf2 Bxf2 (39... Rxf5 40. Qxf5 gxf5 41. Rc1 $16) 40. Kxf2 Rxf5+ 41. Kg2 Ra5) 37. Kf1 $19 Qxf2+ (37... Rxf5 38. Qe8#) 38. Qxf2 Bxf2 {[%emt 0:00:01][%mdl 4096] Endgame. KRB-KRB} 39. Be4 Rd2 (39... Rxh5 40. Kxf2 Re5 41. Bf3 (41. Bxh7 $2 {loses.} Rxe1 42. Kxe1 g6 $19) 41... Rxe1 42. Kxe1 $11) 40. Rc1 Bb6 (40... Rxb2 41. Rxc4 Bb6 (41... Rxa2 $2 42. Rxb4 g6 43. Rb8+ Kg7 44. Rb7 $19) 42. Bd5 $19) 41. Rxc4 Rxb2 42. Bxh7 (42. Rc2 $142 Rxc2 43. Bxc2) 42... Rf2+ ({Don't play} 42... Rxa2 43. Rxb4 Rf2+ 44. Ke1 $19) 43. Ke1 Rxa2 {[%emt 0:00:02] Threatens to win with ...b3.} 44. Kd1 Rh2 45. Rxb4 Rxh5 46. Bd3 Re5 47. Rc4 Ke7 48. Rc8 Kf6 49. Bc4 $2 {[%emt 0:00:07] [#]} (49. Rf8 $19) 49... Rc5 {[%emt 0:00:12] Black mates.} 50. Rxc5 Bxc5 51. Ke2 g5 52. Kf3 Kg6 53. Bd3+ f5 54. Bb5 Kf6 {Weighted Error Value: White=0.38/Black=0.13 (very precise) .  Loses game:     	White=1     	---        Mistake:       	White=3     	Black=1      Inaccurate:     	White=2     	Black=2      OK:         	White=5     	Black=15     Best:        	White=4     	Black=2} 0-1

[Event "Hungarian Junior Rapid-ch 2024"]
[Site "Budapest"]
[Date "2024.03.23"]
[Round "8"]
[White "Karacsonyi, Gellert"]
[Black "Konyves, Almos"]
[Result "1-0"]
[ECO "C55"]
[WhiteElo "2386"]
[BlackElo "2306"]
[Annotator "RC"]
[PlyCount "39"]
[EventDate "2024.03.20"]
[EventType "swiss"]
[EventCountry "HUN"]
[SourceTitle "playchess.com"]
[Source "ChessBase"]
[SourceQuality "1"]
[TimeControl "600+5"]

1. e4 e5 2. Nf3 Nc6 3. d4 exd4 4. Bc4 Nf6 5. e5 d5 6. Bb5 Ne4 7. Nxd4 Bc5 8. Be3 O-O 9. Nxc6 bxc6 10. Bxc5 Nxc5 11. Bxc6 Rb8 12. Qxd5 Qxd5 13. Bxd5 Rxb2 14. Na3 Ba6 15. O-O-O Rb4 16. Rhe1 Na4 17. Bb3 Nb6 18. g3 c5 19. c3 Rg4 20. e6 1-0

[Event "Hungarian Junior Rapid-ch 2024"]
[Site "Budapest"]
[Date "2024.03.23"]
[Round "9"]
[White "Juhasz, Agoston"]
[Black "Karacsonyi, Gellert"]
[Result "1/2-1/2"]
[ECO "C49"]
[WhiteElo "2406"]
[BlackElo "2386"]
[Annotator "TA"]
[PlyCount "45"]
[EventDate "2024.03.20"]
[EventType "swiss"]
[EventCountry "HUN"]
[SourceTitle "playchess.com"]
[Source "ChessBase"]
[SourceQuality "1"]
[TimeControl "600+5"]

1. e4 e5 2. Nf3 Nf6 3. Nc3 Nc6 4. Bb5 Bb4 5. O-O O-O 6. d3 Bxc3 7. bxc3 d6 8. Bg5 a6 9. Bxc6 bxc6 10. h3 c5 11. c4 Qe7 12. Qd2 Qe6 13. Rab1 Nd7 14. Nh4 h6 15. Be3 Qf6 16. Nf5 Nb8 17. f4 exf4 ({Much weaker is} 17... Bxf5 18. fxe5 (18. exf5 Qxf5 19. fxe5 Qxe5 $11) 18... Qxe5 19. Rxf5 $11) 18. Rxf4 Bxf5 $1 19. Rxf5 Qg6 20. Rb7 Rc8 21. Rf4 {[%emt 0:00:49] Rg4 would now be deadly.} (21. Qa5 $5 Nc6 $8 22. Qa4 $14) 21... Qe6 22. Rg4 Kh7 23. Qf2 {[%emt 0:00:19] An uneventful encounter.   Weighted Error Value: White=0.10 (very precise) /Black=0.05 (flawless) .  Inaccurate:     	White=2     	---        OK:         	White=4     	Black=7      Strong:       	---       	Black=1} 1/2-1/2

[Event "Hungarian Junior Rapid-ch 2024"]
[Site "Budapest"]
[Date "2024.03.23"]
[Round "9"]
[White "Pasztor, Balazs"]
[Black "Ilko-Toth, Andras"]
[Result "1-0"]
[ECO "B41"]
[WhiteElo "2406"]
[BlackElo "1902"]
[Annotator "TA"]
[PlyCount "105"]
[EventDate "2024.03.20"]
[EventType "swiss"]
[EventCountry "HUN"]
[SourceTitle "playchess.com"]
[Source "ChessBase"]
[SourceQuality "1"]
[TimeControl "600+5"]

1. e4 c5 2. Nf3 e6 3. d4 cxd4 4. Nxd4 a6 5. c4 Nf6 6. Nc3 Bb4 7. Qd3 Nc6 8. Nxc6 (8. Be2 {sieht schärfer aus.} O-O 9. Bf4 d5 10. Nxc6 bxc6 11. e5) 8... dxc6 9. Qxd8+ {[%emt 0:00:06] Weiß steht etwas besser.} Kxd8 10. f3 Ke7 (10... e5 $11) 11. Bd2 Rd8 12. e5 Nd7 {[%emt 0:00:03] [#]} 13. Nd5+ cxd5 (13... exd5 $15 14. Bxb4+ c5) 14. Bxb4+ $14 Ke8 {[%emt 0:00:03] Schwarz hat schwache schwarze Felder} 15. Bd6 dxc4 16. Bc7 {[%emt 0:01:27] Weiß steht aktiver.} b5 17. Bxd8 Kxd8 18. O-O-O Ke7 19. f4 Bb7 20. Rg1 Bd5 21. g3 Rc8 22. Bg2 Nb6 23. Kc2 b4 (23... Bxg2 $14 24. Rxg2 Nd5) 24. Bxd5 $16 {[%emt 0:00:07] Weiß behält die Zügel nun fest in der Hand.} Nxd5 {[%emt 0:00:03][%mdl 4096] Endspiel. KRR-KRN} 25. Rge1 {[%emt 0:00:03] Gegen Ne3+ gerichtet.} a5 26. Rd4 Rc5 27. Ree4 c3 28. b3 h5 (28... Kd7 $16 {war angesagt.}) 29. Rc4 $18 Rxc4 (29... Rb5 {war nötig.} 30. Rc8 f6 31. exf6+ Nxf6) 30. bxc4 {[%emt 0:00:01] KR-KN} Nc7 (30... Nb6 $142 31. a3 h4 32. axb4 (32. gxh4 f6 $18) 32... axb4) 31. Rd4 Na6 32. Rd6 (32. a3 Nc5 33. Rd1 f6 34. exf6+ gxf6 $18) 32... Nc5 33. Rc6 Ne4 34. Ra6 Nd2 35. c5 Nc4 36. c6 {[%emt 0:00:08] Droht c7 und aus.} Kd8 {[%emt 0:00:06] [#]} 37. Ra7 f6 38. exf6 (38. Rxg7 $6 fxe5 39. fxe5 Nxe5 $16) 38... gxf6 39. Rh7 f5 (39... e5 {ist wohl besser.} 40. fxe5 (40. Rxh5 Kc7 $14) 40... fxe5) 40. Kc1 (40. Rxh5 Kc7 41. Rh6 e5 $18) 40... Kc8 $2 (40... Ne3 {ist eine bessere Verteidigung.} 41. Ra7 (41. Rxh5 Kc7 $18) 41... Nc4) 41. h4 (41. Rxh5 a4 42. Rh8+ Kc7 $16) 41... Kb8 42. Rb7+ Kc8 43. Rh7 $2 (43. Ra7 Kd8 44. Rh7) 43... Kb8 $1 44. Rxh5 {[%emt 0:00:03] Schwarz muss nun Rh7 beachten.} a4 45. Rh7 Na5 {[%emt 0:00:06] Verhindert Rb7+} 46. c7+ Kc8 47. Kc2 Nc4 48. h5 Ne3+ {[%emt 0:00:01] [#]} 49. Kd3 $1 Nd1 (49... b3 $142 50. axb3 (50. Kxe3 $2 {zu gefräßig.} bxa2 51. Rh8+ Kxc7 $19) (50. Kxc3 $2 Nd1+ 51. Kd4 bxa2 $19) 50... c2) 50. h6 {[%emt 0:00:04] Droht Matt per Rf7.} b3 51. axb3 a3 52. Rh8+ Kxc7 53. Ra8 {[%emt 0:00:02] Gewichteter Fehlerwert: Weiß=0.35/Schwarz=0.47.  Fehler:       	Weiß=2     	Schwarz=9     Ungenau:       	Weiß=3     	Schwarz=3     OK:         	Weiß=14    	Schwarz=11    Bester:       	Weiß=3     	Schwarz=4     Stark:        	Weiß=1     	Schwarz=1} 1-0

[Event "Hungarian Junior Rapid-ch 2024"]
[Site "Budapest"]
[Date "2024.03.23"]
[Round "9"]
[White "Palczert, Matyas"]
[Black "Reviczki, Roland"]
[Result "1-0"]
[ECO "B30"]
[WhiteElo "2297"]
[BlackElo "2238"]
[Annotator "RC"]
[PlyCount "62"]
[EventDate "2024.03.20"]
[EventType "swiss"]
[EventCountry "HUN"]
[SourceTitle "playchess.com"]
[Source "ChessBase"]
[SourceQuality "1"]
[TimeControl "600+5"]

1. e4 c5 2. Nf3 Nc6 3. Bb5 e5 4. O-O Bd6 5. c3 a6 6. Bxc6 dxc6 7. d4 exd4 8. cxd4 Bg4 9. e5 Bc7 10. Nbd2 Qd5 11. h3 Bh5 12. g4 Bg6 13. Qb3 O-O-O 14. dxc5 Qxc5 15. Qc3 Qd5 16. b3 h5 17. Qc4 hxg4 18. Qxg4+ Kb8 19. Ba3 Bxe5 20. Nxe5 Qxe5 21. Nc4 Qc7 22. Bc5 Nf6 23. Qg2 Rd5 24. Bb6 Qd7 25. Qg3+ Ka8 26. Bc5 Rxc5 27. Nb6+ Ka7 28. Nxd7 Nxd7 29. Rad1 Bf5 30. Qe3 Rxh3 31. f3 b6 1-0

[Event "Hungarian Junior Rapid-ch 2024"]
[Site "Budapest"]
[Date "2024.03.23"]
[Round "9"]
[White "Tancsa, Tamas"]
[Black "Pasti, Aron"]
[Result "1-0"]
[ECO "B40"]
[WhiteElo "2273"]
[BlackElo "2373"]
[Annotator "RC"]
[PlyCount "58"]
[EventDate "2024.03.20"]
[EventType "swiss"]
[EventCountry "HUN"]
[SourceTitle "playchess.com"]
[Source "ChessBase"]
[SourceQuality "1"]
[TimeControl "600+5"]

1. e4 c5 2. Nf3 e6 3. c4 Nc6 4. Nc3 Nd4 5. Ne2 Nxf3+ 6. gxf3 d5 7. d4 dxc4 8. Qa4+ Bd7 9. Qxc4 Rc8 10. Be3 cxd4 11. Qxd4 Nf6 12. Nc3 Bc5 13. Qd2 Bb4 14. Bd4 Qa5 15. Bxf6 gxf6 16. Rc1 Ke7 17. Bd3 Rhd8 18. a3 Bxc3 19. Rxc3 Qb6 20. O-O e5 21. Kh1 Qd4 22. Rxc8 Bxc8 23. Rd1 Be6 24. Qc2 Rc8 25. Qd2 Bb3 26. Rf1 Rd8 27. Qa5 Qxd3 28. Qb4+ Ke8 29. Rc1 Qxf3+ 1-0

[Event "Hungarian Junior Rapid-ch 2024"]
[Site "Budapest"]
[Date "2024.03.23"]
[Round "9"]
[White "Foldes, Marton Gabor"]
[Black "Lehocz, Jozsef Jr."]
[Result "0-1"]
[ECO "C00"]
[WhiteElo "2162"]
[BlackElo "2143"]
[Annotator "RC"]
[PlyCount "67"]
[EventDate "2024.03.20"]
[EventType "swiss"]
[EventCountry "HUN"]
[SourceTitle "playchess.com"]
[Source "ChessBase"]
[SourceQuality "1"]
[TimeControl "600+5"]

1. e4 e6 2. d4 b6 3. Bd3 Bb7 4. Nf3 c5 5. c3 Nf6 6. Qe2 Be7 7. O-O d5 8. exd5 Qxd5 9. c4 Qd8 10. dxc5 Bxc5 11. Nc3 O-O 12. Bg5 h6 13. Bh4 Be7 14. Rad1 Qc8 15. Bb1 Nbd7 16. Qc2 Re8 17. Qe2 Bxf3 18. Qxf3 Ne5 19. Qe2 Qxc4 20. Qxe5 Qxh4 21. g3 Qxh2+ 22. Kxh2 Ng4+ 23. Kg2 Nxe5 24. Nb5 Red8 25. Rc1 Rd2 26. Rc7 Bf6 27. Be4 Rad8 28. Nxa7 Rxb2 29. Rc8 Rxa2 30. Rxd8+ Bxd8 31. Nb5 g6 32. Rd1 Bf6 33. Kg1 Rb2 34. Nd6 0-1